 Dungeon Crawl Stone Soup version 0.28-a0-828-g0121872642 (webtiles) character file.

Game seed: 1401343374412313339

9036 test12345 the Cleaver (level 11, -4/97 HPs)
             Began as a Minotaur Berserker on Nov 5, 2021.
             Was a Priest of Trog.
             Killed by divine providence
             ... invoked by an orc priest
              (17 damage)
             ... on level 9 of the Dungeon on Nov 10, 2021.
             The game lasted 03:29:27 (12406 turns).

test12345 the Cleaver (Minotaur Berserker)         Turns: 12406, Time: 03:29:27

Health: -4/97      AC: 13    Str: 19      XL:     11   Next: 17%
Magic:  11/11      EV: 12    Int:  2 (4)  God:    Trog [***...]
Gold:   357        SH:  5    Dex: 15 (16) Spells: 10/10 levels left

rFire   + . .      SeeInvis +   i - +11 hand axe "Duthril" {vorpal, Str-4 Dex+4 SInv}
rCold   . . .      Faith    .   (no shield)
rNeg    + + .      Spirit   .   O - +2 scale mail "Wafrunokk" {rN+}
rPois   .          Reflect  +   (helmet restricted)
rElec   .          Harm     .   H - scarf {shadows}
rCorr   .          Rampage  .   (no gloves)
Will    +++..      Clarity  +   (no boots)
Stlth   ..........              q - amulet of reflection
HPRegen 1.26/turn               p - ring of protection from fire
MPRegen 0.12/turn               u - ring of positive energy

@: strong-willed, on berserk cooldown, regenerating, slowed, very slow
A: horns 2, retaliatory headbutt, iridescent scales 1, clarity, high mp 1,
strong-willed 1
a: Renounce Religion, Berserk, Trog's Hand


You were on level 9 of the Dungeon.
You worshipped Trog.
Trog was most pleased with you.
You visited 3 branches of the dungeon, and saw 11 of its levels.

You collected 539 gold pieces.
You spent 182 gold pieces at shops.

Inventory:

Hand Weapons
 d - a +6 war axe
 i - the +11 hand axe "Duthril" (weapon) {vorpal, Str-4 Dex+4 SInv}
   (You found it on level 9 of the Dungeon)

   It inflicts extra damage upon your enemies.
   Str:       It affects your strength (-4).
   Dex:       It affects your dexterity (+4).
   SInv:      It lets you see invisible.
 Q - a +0 dire flail
 U - a +0 halberd of flaming
Missiles
 e - 178 stones
 o - 133 arrows
 z - an atropa-tipped dart
 A - 82 bolts
 B - 24 poisoned darts
 V - 20 sling bullets
Armour
 g - a +1 robe of resistance
 m - a +0 scale mail of willpower
 n - a +2 helmet
 H - a scarf of shadows (worn)
 L - a +0 plate armour
 N - a +1 chain mail of poison resistance
 O - the +2 scale mail "Wafrunokk" (worn) {rN+}
   (You found it on level 7 of the Dungeon)

   rN:        It protects you from negative energy.
Magical Staves
 I - a staff of death
Jewellery
 p - a ring of protection from fire (left hand)
 q - an amulet of reflection (around neck)
 u - a ring of positive energy (right hand)
 T - an amulet of magic regeneration
Wands
 l - a wand of polymorph (3) (quivered)
Scrolls
 a - a scroll of fear
 b - a scroll of vulnerability
 c - a scroll of acquirement
 f - 5 scrolls of teleportation
 h - a scroll of amnesia
 t - a scroll of blinking
 v - a scroll of immolation
Potions
 j - a potion of might
 D - a potion of resistance
 F - a potion of curing


   Skills:
 + Level 9.1 Fighting
 + Level 13.7 Axes
 + Level 3.1 Throwing
 + Level 11.1 Armour
 + Level 4.4 Dodging
 + Level 1.2 Stealth
 + Level 4.3 Shields
 + Level 2.2 Evocations


You had 10 spell levels left.
You didn't know any spells.
Your spell library contained the following spells:

 Spells                   Type           Power      Damage    Failure   Level
 Magic Dart               Conj           0%         1d3       83%         1
 Searing Ray              Conj           0%         2d4       93%         2
 Tukima's Dance           Hex            0%         N/A       99%         3
 Fulminant Prism          Conj/Hex       0%         3d6       100%        4
 Passage of Golubria      Tloc           0%         N/A       100%        4
 Yara's Violent Unravell  Hex/Tmut       0%         3d3       100%        5


Dungeon Overview and Level Annotations

Branches:
Dungeon (9/15)             Temple (1/1) D:7             Orc (1/2) D:9
   Lair: D:8-11

Altars:
Ashenzari
Cheibriados
Dithmenos
Elyvilon
Fedhas
Gozag
Hepliaklqana
Kikubaaqudgha
Makhleb
Nemelex Xobeh
Okawaru
Qazlal
Ru
Sif Muna
Trog
Uskayaw
Vehumet
Wu Jian
Xom
Yredelemnul
Zin
The Shining One

Shops:
D:3 [   D:5 !


Innate Abilities, Weirdness & Mutations

You have a pair of horns on your head.
You reflexively headbutt those who attack you in melee.
You are partially covered in iridescent scales. (AC +2)
You possess an exceptional clarity of mind.
You have an increased reservoir of magic. (+10% MP)
You are strong-willed. (Will+)


Message History

There are no objects that can be picked up here. the human corpse of Maurice You slash the orc!
You kill the orc!
Trog accepts your kill.
You slash the orc!
You kill the orc!
Trog accepts your kill.
You can now call in reinforcements.
The orc warrior barely misses you.
You hit the orc warrior.
The orc warrior is moderately wounded.
The orc priest invokes the aid of Beogh against you.
Beogh smites you! The orc warrior misses you. You furiously retaliate!
You headbutt the orc warrior, but do no damage.
You hit the orc warrior.
The orc warrior is moderately wounded.
The orc priest calls down the wrath of Beogh upon you.
Beogh smites you!
An orc wizard comes into view. It is wielding a +0 dagger.
Items here: ! $ ))) / [ รท.
The orc warrior hits you but does no damage.
The orc priest hits you but does no damage.
There is a staircase back to the Dungeon, spattered with blood here.
You can't go down here!
The orc warrior hits you but does no damage.
The orc priest calls down the wrath of Beogh upon you.
Beogh smites you!
* * * LOW HITPOINT WARNING * * *
You block the orc warrior's attack.
You climb upwards.
Welcome back to the Dungeon!
There is a staircase to the Orcish Mines, spattered with blood here.
Your skin crawls.
You feel strong-willed.
You can no longer call in reinforcements.
The orc priest hits you but does no damage.
The orc warrior hits you with a +0 war axe!
* * * LOW HITPOINT WARNING * * *
The orc priest calls down the wrath of Beogh upon you.
Beogh smites you!
You die...

#...........#...#.#
#...##..##..#...#.#
#...###########.#.#
#.......[.....#.#.#
#.............#.#.#
#.............#.#..
######..#######.###
#oo.##[.##......#..
#.@.#....#......#.#
#...#....#......#.#
#...#....'......#.#
#...#..>.#......#)#
#...#....#......#)#
#...#....#......#..
###'####'##......#..
#................#..
#................###


You could see an orc warrior and an orc priest.

Vanquished Creatures
  A two-headed ogre (D:8)
  The ghost of bmj180 the Conjurer, a novice DrCj of Vehumet (D:9)
  The ghost of Gwenloh the Cleaver, a novice MiGl of Okawaru (D:9)
  An orc sorcerer (Orc:1)
  A vampire (D:8)
  20 yaks
  Menkaure (D:4)
  An acid dragon (D:9)
  A water moccasin (D:9)
  A sky beast (D:5)
  4 orc warriors
  2 ogres
  2 ice beasts
  A black bear (D:4)
  A necrophage (D:8)
  2 centaurs
  2 phantoms
  A kobold brigand (D:9)
  5 bullfrogs
  A gnoll sergeant (D:8)
  A wyvern zombie (D:6)
  2 scorpions (D:5)
  A water moccasin zombie (D:5)
  5 killer bees (D:8)
  A howler monkey (D:9)
  2 jellies (D:5)
  2 centaur skeletons
  3 centaur zombies
  4 hounds
  An iguana (D:6)
  6 orc priests
  7 orc wizards
  Terence (D:2)
  2 killer bee zombies (D:7)
  A hound skeleton (D:5)
  A howler monkey zombie (D:8)
  14 gnolls
  9 adders
  A river rat (D:2)
  A shadow imp (D:6)
  A white imp (D:7)
  A dart slug (D:4)
  22 orcs
  4 ball pythons
  6 endoplasms
  4 giant cockroaches
  3 goblins
  6 hobgoblins
  3 jackals (D:1)
  4 quokkas
  5 bats
  4 frilled lizards
  6 kobolds
  8 rats
  A bush (D:1)
193 creatures vanquished.

Vanquished Creatures (collateral kills)
  A hornet (D:9)
  A kobold brigand (D:9)
  3 kobolds (D:9)
5 creatures vanquished.

Vanquished Creatures (others)
  2 demonic plants (D:3)
2 creatures vanquished.

Grand Total: 200 creatures vanquished

Notes
Turn   | Place    | Note
-------+----------+-------------------------------------------
     0 | D:1      | test12345 the Minotaur Berserker began the quest for the
                  | Orb.
     0 | D:1      | Reached XP level 1. HP: 19/19 MP: 0/0
   375 | D:1      | Reached XP level 2. HP: 27/27 MP: 1/1
   795 | D:1      | Reached skill level 4 in Axes
   920 | D:2      | Noticed Terence
   933 | D:2      | Killed Terence
   934 | D:2      | Reached XP level 3. HP: 34/34 MP: 2/2
  1480 | D:3      | Reached XP level 4. HP: 41/41 MP: 3/3
  1521 | D:3      | Reached ** piety under Trog
  1784 | D:3      | Reached skill level 5 in Axes
  1858 | D:3      | Upgraded the game from 0.28-a0-794-gafe8c5f9e9 to
                  | 0.28-a0-816-gb054d885db
  1862 | D:3      | Reached XP level 5. HP: 47/47 MP: 4/4
  2378 | D:3      | Noticed an orange demon
  2381 | D:3      | Found a faded altar of an unknown god.
  2495 | D:3      | Gained mutation: You have an increased reservoir of magic.
                  | (+10% MP) [potion of mutation]
  2495 | D:3      | Gained mutation: You are strong-willed. (Will+) [potion of
                  | mutation]
  2512 | D:3      | Found Ugyeseogh's Armour Shoppe.
  2641 | D:3      | Reached skill level 6 in Axes
  2945 | D:4      | Upgraded the game from 0.28-a0-816-gb054d885db to
                  | 0.28-a0-823-gb444dcf96d
  2960 | D:4      | Identified a scroll of acquirement
  2961 | D:4      | Noticed an ogre
  3143 | D:4      | Reached XP level 6. HP: 55/55 MP: 5/5
  3351 | D:4      | Reached skill level 1 in Shields
  3487 | D:4      | Found a shimmering altar of Xom.
  3498 | D:4      | Noticed Menkaure
  3581 | D:4      | Reached skill level 5 in Fighting
  3583 | D:4      | Reached skill level 7 in Axes
  3743 | D:4      | Reached skill level 5 in Armour
  3743 | D:4      | Reached XP level 7. HP: 47/61 MP: 6/6
  3811 | D:4      | Found a sacrificial altar of Ru.
  3814 | D:4      | Found a bloodstained altar of Trog.
  3840 | D:4      | Found a shadowy altar of Dithmenos.
  3849 | D:4      | Found a basalt altar of Yredelemnul.
  3867 | D:4      | Killed Menkaure
  3868 | D:4      | Reached skill level 1 in Throwing
  4060 | D:4      | Found an ornate altar of the Wu Jian Council.
  4184 | D:5      | Entered Level 5 of the Dungeon
  4187 | D:5      | Noticed a yak
  4192 | D:5      | Noticed a yak
  4194 | D:5      | Noticed a yak
  4194 | D:5      | Noticed a yak
  4196 | D:5      | Noticed a yak
  4198 | D:5      | Killed a yak
  4199 | D:5      | Reached skill level 8 in Axes
  4202 | D:5      | Killed a yak
  4203 | D:5      | Reached XP level 8. HP: 69/69 MP: 7/7
  4205 | D:5      | Reached skill level 1 in Evocations
  4210 | D:5      | Reached skill level 9 in Axes
  4439 | D:5      | Found a blossoming altar of Fedhas.
  4670 | D:5      | Found Vienun's Distillery.
  4702 | D:5      | Bought a potion of heal wounds for 70 gold pieces
  4702 | D:5      | Bought a potion of heal wounds for 70 gold pieces
  4702 | D:5      | Bought a potion of curing for 42 gold pieces
  5080 | D:5      | Reached XP level 9. HP: 75/75 MP: 8/8
  6429 | D:6      | Reached skill level 10 in Axes
  6581 | D:6      | Reached *** piety under Trog
  6719 | D:6      | Found an opulent altar of Gozag.
  6780 | D:6      | Found an ancient bone altar of Kikubaaqudgha.
  7454 | D:7      | You fall into a shaft and drop 1 floor!
  7475 | D:9      | Reached skill level 11 in Axes
  7588 | D:7      | Identified the +2 scale mail "Wafrunokk" {rN+}
  7682 | D:7      | Gained mutation: You possess an exceptional clarity of
                  | mind. [potion of mutation]
  7682 | D:7      | Gained mutation: You are partially covered in iridescent
                  | scales. (AC +2) [potion of mutation]
  7734 | D:7      | Found a staircase to the Ecumenical Temple.
  7745 | Temple   | Entered the Ecumenical Temple
  8636 | D:8      | Reached XP level 10. HP: 86/86 MP: 10/10
  8640 | D:8      | Reached skill level 12 in Axes
  8650 | D:8      | Reached skill level 10 in Armour
  8811 | D:8      | Noticed a two-headed ogre
  8818 | D:8      | Killed a two-headed ogre
  8886 | D:8      | Reached skill level 13 in Axes
  9047 | D:8      | Reached **** piety under Trog
  9144 | D:8      | Upgraded the game from 0.28-a0-823-gb444dcf96d to
                  | 0.28-a0-828-g0121872642
 10440 | D:9      | Found a staircase to the Orcish Mines.
 10475 | D:9      | Found a runed translucent gate.
 10475 | D:9      | Found a runed translucent gate.
 10475 | D:9      | Found a runed translucent gate.
 10477 | D:9      | Noticed bmj180's ghost (novice DrCj)
 10479 | D:9      | Noticed Gwenloh's ghost (novice MiGl)
 10851 | D:9      | Killed bmj180's ghost
 10852 | D:9      | Reached skill level 1 in Stealth
 10852 | D:9      | Reached XP level 11. HP: 95/95 MP: 11/11
 10911 | D:9      | Killed Gwenloh's ghost
 11142 | D:9      | Identified the +11 hand axe "Duthril" {vorpal, Str-4 Dex+4
                  | SInv}
 11924 | Orc:1    | Entered Level 1 of the Orcish Mines
 11924 | Orc:1    | Noticed an orc sorcerer
 11928 | Orc:1    | Killed an orc sorcerer
 11952 | Orc:1    | Noticed an ettin
 11952 | Orc:1    | Noticed Maurice
 12388 | Orc:1    | Noticed Maurice
 12388 | Orc:1    | Maurice changed into Maurice the ogre
 12390 | Orc:1    | Killed Maurice the ogre
 12406 | D:9      | Killed from afar by an orc priest

Illustrated notes

Levels and vault maps discovered:
D:1:      kennysheep_arrival_forest, layout_loops_ring, serial_forest,
          infiniplex_forest_lined_room_, infiniplex_forest_clump_double,
          infiniplex_forest_straight_4, infiniplex_forest_lined_corner,
          infiniplex_forest_side_room, infiniplex_forest_zigzag_1,
          infiniplex_forest_fountain, infiniplex_forest_straight_1,
          minmay_tree_intersection
D:2:      minmay_diamond_boxcup, layout_basic, minmay_domino_4, uniq_terence
D:3:      layout_loops_corners, serial_shops, shop,
          dreamdust_ecumenical_altar_sealed_demon, feat_on_display
D:4:      layout_rooms, grunt_temple_overflow_open, grunt_ministairs_14,
          uniq_menkaure
D:5:      layout_layer_cave, nicolae_overflow_crystal_walls, serial_shops,
          nicolae_stop_n_shop_1, minmay_quadrilaterals
D:6:      layout_layer_cave, nicolae_kikubaaqudgha_miasma_corner,
          nicolae_gozag_seed_capital
D:7:      layout_loops_ring, minmay_temple_entry_crystal_x
D:8:      layout_basic, enter_bailey_4
D:9:      minmay_klotski, layout_gridville, gammafunk_ghost_cemetery,
          patterned_corridor
Temple:   nicolae_temple_god_jail
Orc:1:    layout_diamond_mine, serial_shops, shop_statue, shop,
          nicolae_shop_stone, uniq_maurice

Skill      XL: |  1  2  3  4  5  6  7  8  9 10 11 |
---------------+----------------------------------+-----
Fighting       | 4 5 6 7 8 9 |  9.1
Axes           | 4 5 6 7 8 9 11 13 | 13.7
Armour         | 3 5 7 9 10 11 | 11.1
Dodging        | 3 4 |  4.4
Shields        | 1 2 3 4 |  4.3
Throwing       | 1 2 3 |  3.1
Evocations     | 1 2 |  2.2
Stealth        | 1 |  1.2

Action                   |  1- 3 |  4- 6 |  7- 9 | 10-12 || total
-------------------------+-------+-------+-------+-------++-------
Melee: Hand axe          |    16 |       |       |    20 ||    36
       War axe           |    46 |    85 |   147 |   125 ||   403
       Headbutt          |    13 |     6 |    34 |    17 ||    70
Throw: Dart              |       |     8 |     9 |     3 ||    20
Invok: Berserk           |     4 |     5 |     8 |     7 ||    24
       Trog's Hand       |       |     2 |     2 |     5 ||     9
       Brothers in Arms  |       |       |       |     1 ||     1
Evoke: Wand              |     3 |     1 |    12 |     9 ||    25
  Use: Scroll            |     3 |     7 |     6 |     9 ||    25
       Potion            |     2 |     2 |     2 |    10 ||    16
Armor: Animal skin       |     5 |       |       |       ||     5
       Leather armour    |     7 |       |       |       ||     7
       Chain mail        |     6 |    38 |    18 |    25 ||    87
       Scale mail        |       |     6 |    23 |    23 ||    52
Dodge: Dodged            |    24 |    33 |    44 |    54 ||   155
Block: Other             |       |    14 |    22 |    23 ||    59

Table legend: (Time is in decaauts)
 A = Elapsed time spent in this place.
 B = Non-inter-level travel time spent in this place.
 C = Inter-level travel time spent in this place.
 D = Time resting spent in this place.
 E = Time spent auto-exploring this place.
 F = Levels seen in this place.
 G = Mean time per level.
                   A        B        C        D        E       F      G
               +--------+--------+--------+--------+--------+-----+--------+
         Total |  12617 |   7127 |   5490 |   2269 |   1482 |  11 | 1147.0 |
       Dungeon |  12303 |   7020 |   5283 |   2236 |   1482 |   9 | 1367.0 |
        Temple |    243 |     37 |    206 |     33 |      0 |   1 |  243.0 |
  Orcish Mines |     70 |     69 |      1 |      0 |      0 |   1 |   70.0 |
               +--------+--------+--------+--------+--------+-----+--------+

Top non-repeatable levels by time:
     D:9: 2736 daAuts
     D:5: 1659 daAuts
     D:3: 1579 daAuts
     D:6: 1395 daAuts
     D:4: 1374 daAuts
     D:8: 1205 daAuts
     D:1: 929 daAuts
     D:7: 853 daAuts
     D:2: 570 daAuts
  Temple: 243 daAuts
   Orc:1: 70 daAuts
